 Dungeon Crawl Stone Soup version 0.31-a0-1237-gabc64e778c (webtiles) character file.

Game seed: 13569320742818239449

305 Curundu the Slasher (level 6, 0/54 (56) HPs)
             Began as a Minotaur Berserker on Dec 16, 2023.
             Was a Believer of Trog.
             Slain by a wight
             ... wielding a +4 morningstar
              (1 damage)
             ... on level 7 of the Dungeon.
             The game lasted 00:09:46 (2541 turns).

Curundu the Slasher (Minotaur Berserker)            Turns: 2541, Time: 00:09:47

HP:   0/54 (56)     AC:  4    Str: 23    XL:     6   Next: 15%
MP:   5/5           EV: 12    Int:  4    God:    Trog [**....]
Gold: 176           SH:  0    Dex: 10    Spells: 5/5 levels left

rFire   . . .        a - +0 falchion
rCold   . . .        (no shield)
rNeg    . . .        b - +0 animal skin
rPois   .            (helmet restricted)
rElec   .            q - +0 cloak
rCorr   +            (no gloves)
SInv    .            c - +0 pair of boots
Will    .....        (no amulet)
Stlth   +            g - ring of resist corrosion
HPRegen 0.29/turn    (no ring)
MPRegen 0.09/turn

%: no passive effects
@: lightly drained
A: horns 2, retaliatory headbutt
a: Renounce Religion, Berserk, Trog's Hand


You were on level 7 of the Dungeon.
You worshipped Trog.
Trog was pleased with you.
You visited 1 branch of the dungeon, and saw 5 of its levels.

You collected 176 gold pieces.

Inventory:

Hand Weapons
 a - a +0 falchion (weapon)
Missiles
 w - 5 curare-tipped darts (quivered)
Armour
 b - a +0 animal skin (worn)
 c - a +0 pair of boots (worn)
 q - a +0 cloak (worn)
Magical Staves
 d - a staff of air
 m - a staff of earth
Jewellery
 g - a ring of resist corrosion (left hand)
Wands
 u - a wand of polymorph (6)
Scrolls
 e - 2 scrolls of fog {unknown}
 f - a scroll of amnesia {unknown}
 h - 2 scrolls of fear {unknown}
 k - 2 scrolls of poison {unknown}
 n - a scroll of brand weapon {unknown}
 p - 6 scrolls of identify {unknown}
 t - a scroll of noise {unknown}
 v - a scroll of enchant armour {unknown}
Potions
 i - 3 potions of curing {unknown}
 j - 2 potions of lignification {unknown}
 l - a potion of heal wounds {unknown}
 o - 2 potions of degeneration {unknown}
 r - a potion of cancellation {unknown}
 s - 2 potions of brilliance {unknown}


   Skills:
 + Level 5.2 Fighting
 + Level 6.5 Long Blades
 + Level 0.3 Throwing
 + Level 2.6 Armour
 + Level 3.1 Dodging
 + Level 1.1 Stealth


You had 5 spell levels left.
You didn't know any spells.
Your spell library was empty.

Dungeon Overview and Level Annotations

Branches:
Dungeon (4/15)
 Temple: D:4-7

Altars:
Qazlal


Innate Abilities, Weirdness & Mutations

You have a pair of horns on your head.
You reflexively headbutt those who attack you in melee.


Message History

Trog accepts your kill.
Your life force feels restored.
Your Dodging skill increases to level 3!
Your Stealth skill increases to level 1!
Items here: )) [[.
Okay, then.
Items here: )) [[.
Found a scroll labelled ILLUHY YWAM.
A wight comes into view. It is wielding a +4 morningstar.
A wight comes into view. It is wielding a +1 dagger of draining.
You hit the wight. Your headbutt misses the wight.
The wight is lightly damaged.
The wight closely misses you.
The wight hits you with a +1 dagger of draining!
You feel drained.
Items here: )) [[.
You hit the wight. You headbutt the wight!
The wight is almost destroyed.
The wight hits you with a +1 dagger of draining!
* * * LOW HITPOINT WARNING * * *
You feel drained.
* * * LOW HITPOINT WARNING * * *
You closely miss the wight. Your headbutt misses the wight.
Your punch misses the wight.
The wight is almost destroyed.
The wight hits you with a +1 dagger of draining.
* * * LOW HITPOINT WARNING * * *
You feel drained.
* * * LOW HITPOINT WARNING * * *
You hit the wight.
You destroy the wight!
Trog accepts your kill.
You have reached level 6!
You hit the wight but do no damage.
The wight hits you with a +4 morningstar.
* * * LOW HITPOINT WARNING * * *
You barely miss the wight. You headbutt the wight.
The wight is lightly damaged.
The wight hits you with a +4 morningstar.
You die...

#.#.......#
#.#?......####
......[......
#..$........
#...........
#...........
###..##.....
####z#.## ### #
#..@###.# #.
#.##.#.##
####.###.#
..###
......[..##.#..
[##........#.##
##.#..#.##.#
...#.......##
##. #.##.##..#
# #.##.###.####


You could see a wight.

Vanquished Creatures
  3 wights (D:7)
  Jessica (D:3)
  4 adders
  A white imp (D:7)
  2 dart slugs
  4 orcs (D:3)
  9 bats
  An endoplasm (D:2)
  3 giant cockroaches
  14 goblins
  7 hobgoblins
  3 quokkas
  7 ball pythons
  A frilled lizard (D:1)
  6 kobolds
  4 rats
70 creatures vanquished.

Notes
Turn   | Place    | Note
-------+----------+-------------------------------------------
     0 | D:1      | Curundu the Minotaur Berserker began the quest for the Orb.
     0 | D:1      | Reached XP level 1. HP: 19/19 MP: 0/0
   107 | D:1      | Reached XP level 2. HP: 27/27 MP: 1/1
   132 | D:1      | Reached skill level 4 in Long Blades
   546 | D:1      | Reached ** piety under Trog
   753 | D:2      | Reached XP level 3. HP: 34/34 MP: 2/2
  1573 | D:3      | Reached XP level 4. HP: 36/41 MP: 3/3
  1646 | D:3      | Reached skill level 5 in Long Blades
  2063 | D:3      | Reached *** piety under Trog
  2157 | D:3      | Noticed Jessica
  2163 | D:3      | Killed Jessica
  2164 | D:3      | Reached XP level 5. HP: 47/47 MP: 4/4
  2339 | D:4      | You fall into a shaft and drop 3 floors!
  2340 | D:7      | Found a stormy altar of Qazlal.
  2517 | D:7      | Reached skill level 5 in Fighting
  2517 | D:7      | Reached skill level 6 in Long Blades
  2526 | D:7      | Reached skill level 1 in Stealth
  2540 | D:7      | Reached XP level 6. HP: 5/54 MP: 5/5
  2540 | D:7      | HP: 1/54 [wight/+4 morningstar (4)]
  2541 | D:7      | Slain by a wight

Illustrated notes

Levels and vault maps discovered:
D:1:      roderic_chinese_lattice_arrival, layout_rooms, minmay_pentomino_o2
D:2:      layout_basic
D:3:      kennysheep_the_goblin_king, layout_loops_ring,
          guppyfry_early_orc_mine, uniq_jessica
D:4:      layout_basic, minmay_temple_entry_glass, dreamdust_mushroom_princess
D:7:      layout_loops_cross, nicolae_qazlal_scattered_showers,
          amcnicky_altar_gilded

Skill      XL: |  1  2  3  4  5 |
---------------+----------------+-----
Fighting       | 4 5 |  5.2
Long Blades    | 4 5 6 |  6.5
Dodging        | 3 |  3.1
Stealth        | 1 |  1.1
Throwing       | |  0.3
Armour         | |  2.6

Action                     |  1- 3 |  4- 6 || total
---------------------------+-------+-------++-------
  Melee: Falchion          |    94 |    76 ||   170
         Headbutt          |    10 |    12 ||    22
         Punch             |     1 |     1 ||     2
  Throw: Dart              |       |     4 ||     4
 Invoke: Trog's Hand       |       |     1 ||     1
   Stab: Sleeping          |     1 |     1 ||     2
 Armour: Animal skin       |    49 |    47 ||    96
  Dodge: Dodged            |    65 |    38 ||   103

Table legend: (Time is in decaauts)
 A = Elapsed time spent in this place.
 B = Non-inter-level travel time spent in this place.
 C = Inter-level travel time spent in this place.
 D = Time resting spent in this place.
 E = Time spent auto-exploring this place.
 F = Levels seen in this place.
 G = Mean time per level.
                   A        B        C        D        E       F      G
               +--------+--------+--------+--------+--------+-----+--------+
         Total |   2549 |   2549 |      0 |      0 |   1888 |   5 |  509.8 |
       Dungeon |   2549 |   2549 |      0 |      0 |   1888 |   5 |  509.8 |
               +--------+--------+--------+--------+--------+-----+--------+

Top non-repeatable levels by time:
     D:2: 817 daAuts
     D:3: 798 daAuts
     D:1: 702 daAuts
     D:7: 201 daAuts
     D:4: 28 daAuts
